 Dungeon Crawl Stone Soup version 0.28.0-43-g3370ac3207 (webtiles) character file.

Game seed: 14209041447650422362

1888 Gabide the Chiller (level 8, 0/63 HPs)
             Began as a Demigod Ice Elementalist on Mar 29, 2022.
             Slain by a five-headed hydra (11 damage)
             ... on level 6 of the Dungeon.
             The game lasted 00:20:47 (7550 turns).

Gabide the Chiller (Demigod Ice Elementalist)       Turns: 7550, Time: 00:20:48

Health: 0/63       AC:  7    Str:  9    XL:     8   Next: 61%
Magic:  5/21       EV: 13    Int: 28    God:
Gold:   139        SH:  0    Dex: 14    Spells: 8/19 levels left

rFire   . . .      SeeInvis .   n - +1 mace (holy)
rCold   . . .      Faith    .   (no shield)
rNeg    + . .      Spirit   .   x - +2 robe {rN+}
rPois   .          Reflect  .   D - +1 helmet {Int+3}
rElec   .          Harm     .   m - +0 cloak
rCorr   .          Rampage  .   (no gloves)
Will    .....                   (no boots)
Stlth   ++........              d - amulet of regeneration
HPRegen 1.00/turn               h - ring of wizardry
MPRegen 0.17/turn               y - ring of wizardry

@: about to teleport
A: high MP 1, forlorn, divine attributes
a: no special abilities


You were on level 6 of the Dungeon.
You visited 1 branch of the dungeon, and saw 6 of its levels.

You collected 139 gold pieces.

Inventory:

Hand Weapons
 n - a +1 mace of holy wrath (weapon)
 o - a +2 quarterstaff of chaos
 p - a +2 mace of protection
 z - a +1 whip of electrocution
Missiles
 t - 2 throwing nets
Armour
 m - a +0 cloak (worn)
 x - a +2 robe of positive energy (worn)
 D - a +1 helmet of intelligence (worn)
Jewellery
 d - an amulet of regeneration (around neck)
 h - a ring of wizardry (left hand)
 y - a ring of wizardry (right hand)
Wands
 w - a wand of iceblast (10)
Scrolls
 a - a scroll of fear {unknown}
 c - a scroll of summoning {unknown}
 r - a scroll of brand weapon {unknown}
 A - a scroll of vulnerability {unknown}
 C - a scroll of noise {unknown}
Potions
 e - a potion of attraction
 f - 3 potions of flight
 g - a potion of berserk rage {unknown}
 i - 3 potions of might
 j - 3 potions of haste {unknown}
 k - a potion of invisibility {unknown}
 l - a potion of brilliance {unknown}
 s - 5 potions of curing
 u - 2 potions of ambrosia {unknown}
 v - 2 potions of heal wounds {unknown}
 B - 2 potions of lignification {unknown}


   Skills:
 * Level 3.1 Fighting
 + Level 0.9 Maces & Flails
 * Level 4.1 Dodging
 + Level 2.3 Stealth
 * Level 6.2 Spellcasting
 * Level 7.2 Ice Magic


You had 8 spell levels left.
You knew the following spells:

 Your Spells              Type           Power      Damage    Failure   Level
a - Freeze                Ice            100%       1d11      1%          1
b - Ozocubu's Armour      Ice            49%        N/A       1%          3
c - Frozen Ramparts       Ice            98%        1d11      1%          3
d - Hailstorm             Conj/Ice       29%        3d8       3%          4

Your spell library contained the following spells:

 Spells                   Type           Power      Damage    Failure   Level
 Animate Skeleton         Necr           16%        N/A       1%          1
 Foxfire                  Conj/Fire      32%        2x1d5     1%          1
 Pain                     Necr           32%        1d5       1%          1
 Conjure Flame            Conj/Fire      8%         6-21      5%          3
 Inner Flame              Hex/Fire       8%         N/A       5%          3
 Vampiric Draining        Necr           8%         2d6       5%          3
 Flame Wave               Conj/Fire      8%         2d5       16%         4


Dungeon Overview and Level Annotations

Branches:
Dungeon (6/15)
 Temple: D:4-7

Shops:
D:3 (

Annotations:
D:6 4 runed translucent doors


Innate Abilities, Weirdness & Mutations

You have an increased reservoir of magic. (+10% MP)
You shall have no god before yourself.
Your divine heritage dramatically boosts your attributes as you level up.


Message History

Your +1 mace of holy wrath softly glows with a divine radiance!
n - a +1 mace of holy wrath (weapon)
The wall freezes something.
Something hits you. Something bites you but does no damage.
You hit something.
The wall freezes something.
Something draws life force from you!
You completely miss something.
The wall freezes something.
Something draws life force from you.
You barely miss something.
The frozen ramparts melt away.
Something barely misses you. Something bites you.
Something draws strength from your injuries!
Something hits you. Something barely misses you.
Casting: Freeze (safe; 1% risk of failure)
Confirm with . or Enter, or press ? or * to list all spells.
Your icy armour thickens.
Something hits you. Something bites you but does no damage.
Casting: Ozocubu's Armour (safe; 1% risk of failure)
Confirm with . or Enter, or press ? or * to list all spells.
Okay, then.
Unknown command.
Unknown command.
Unknown command.
You hit something but do no damage. Something hits you but does no damage.
Something bites you but does no damage.
You closely miss something. Something hits you but does no damage.
Something barely misses you. Something hits you! Something bites you.
Something draws strength from your injuries!
As you read the scroll of teleportation, it crumbles to dust.
You feel strangely unstable. Something hits you. Something bites you!
* * * LOW HITPOINT WARNING * * *
Something draws strength from your injuries!
Your icy armour cracks and falls away as you move.
Your surroundings suddenly seem different.
As you read the scroll of teleportation, it crumbles to dust.
You feel strangely unstable. The five-headed hydra bites you.
* * * LOW HITPOINT WARNING * * *
The five-headed hydra bites you.
* * * LOW HITPOINT WARNING * * *
The five-headed hydra bites you!
You die...

.....^....#.#.## #..#
##........##..)# ##..#
...........###'# #+###...#
###............######.......#
.###..........##8[!8##.....##
.....##...#...#8.o..8#..####
.......#......+.oo...+.##
#####.........+D.)..o+.#
#.........#8@...8#.#
##.........##8oo8##.#
####...........######..#
.............#........##
#####........##.....###
#################


You could see a five-headed hydra, an orc priest (wandering), 2 orc wizards and
3 orcs.

Vanquished Creatures
  Pikel (D:5)
  An orc warrior (D:6)
  A sky beast (D:6)
  3 ogres
  A necrophage (D:6)
  A lemure (D:5)
  A phantom (D:6)
  A gnoll sergeant (D:6)
  A scorpion (D:6)
  A howler monkey (D:6)
  2 orc priests (D:4)
  Crazy Yiuf (D:2)
  A gnoll shaman (D:5)
  3 hounds
  3 jellies
  Jessica (D:2)
  An orc wizard (D:4)
  3 iguanas (D:6)
  10 gnolls
  2 adders
  2 ufetubi (D:6)
  2 adder skeletons (D:4)
  A dart slug (D:3)
  13 orcs
  15 endoplasms
  4 giant cockroaches (D:1)
  4 goblins
  13 hobgoblins
  11 jackals
  10 kobolds
  3 quokkas
  A ball python (D:3)
  4 bats (D:1)
  A frilled lizard (D:2)
  5 rats
128 creatures vanquished.

Vanquished Creatures (others)
  2 fungi (D:2)
  9 toadstools (D:2)
11 creatures vanquished.

Grand Total: 139 creatures vanquished

Notes
Turn   | Place    | Note
-------+----------+-------------------------------------------
     0 | D:1      | Gabide the Demigod Ice Elementalist began the quest for the
                  | Orb.
     0 | D:1      | Reached XP level 1. HP: 14/14 MP: 5/5
   592 | D:1      | Reached XP level 2. HP: 21/22 MP: 1/7
   832 | D:1      | Reached skill level 4 in Ice Magic
  1137 | D:1      | Reached XP level 3. HP: 27/27 MP: 2/8
  1521 | D:2      | Found a runed translucent door.
  1526 | D:2      | Learned a level 3 spell: Ozocubu's Armour
  1526 | D:2      | Noticed Crazy Yiuf
  2053 | D:2      | Reached skill level 1 in Fighting
  2053 | D:2      | Reached XP level 4. HP: 32/35 MP: 0/10
  2509 | D:2      | Noticed Jessica
  2516 | D:2      | Killed Jessica
  2852 | D:2      | Learned a level 3 spell: Frozen Ramparts
  2881 | D:2      | Killed Crazy Yiuf
  2882 | D:2      | Reached XP level 5. HP: 38/40 MP: 3/12
  3021 | D:3      | Found Nogrim's Weapon Shoppe.
  3311 | D:3      | You fall into a shaft and drop 1 floor!
  3751 | D:4      | Learned a level 4 spell: Hailstorm
  3955 | D:4      | Reached XP level 6. HP: 47/47 MP: 7/14
  4868 | D:5      | Entered Level 5 of the Dungeon
  5016 | D:5      | Reached skill level 5 in Ice Magic
  5153 | D:5      | Noticed Pikel
  5161 | D:5      | Killed Pikel
  5162 | D:5      | Reached XP level 7. HP: 55/55 MP: 0/17
  5522 | D:5      | Reached skill level 5 in Spellcasting
  5522 | D:5      | Reached skill level 6 in Ice Magic
  6340 | D:6      | Reached XP level 8. HP: 59/62 MP: 12/19
  7277 | D:6      | Found a large runed translucent door.
  7277 | D:6      | Found a large runed translucent door.
  7280 | D:6      | Found the +0 mask of the Dragon {Will+ Slay+3 SInv}
  7284 | D:6      | Noticed a five-headed hydra
  7290 | D:6      | Found a large runed translucent door.
  7290 | D:6      | Found a large runed translucent door.
  7324 | D:6      | Reached skill level 7 in Ice Magic
  7550 | D:6      | Slain by a five-headed hydra

Illustrated notes

Levels and vault maps discovered:
D:1:      ncdulo_lavacross, layout_loops_ring,
          hellmonk_ecumenical_altar_zigzags, hangedman_decor_push
D:2:      cheibrodos_fertilizer, layout_basic, basic_altar,
          kennysheep_jessica_study, uniq_crazy_yiuf_cottage
D:3:      layout_rooms, serial_shops, nicolae_shop_bloodbath_and_beyond,
          grunt_decor_mini_mirrors, serial_park_tiny_2
D:4:      layout_basic, enter_ossuary_5, minmay_misc_feat_encased
D:5:      layout_layer_cave, nicolae_underground_beach, uniq_pikel
D:6:      layout_rooms, kennysheep_mini_moat, minmay_misc_feat_diagonals,
          minmay_hollow_rounded_squares

Skill      XL: |  1  2  3  4  5  6  7  8 |
---------------+-------------------------+-----
Dodging        | 2 3 4 |  4.1
Spellcasting   | 2 3 4 5 6 |  6.2
Ice Magic      | 4 5 6 7 |  7.2
Fighting       | 1 2 3 |  3.1
Stealth        | 2 |  2.3
Maces & Flails | |  0.9

Action                   |  1- 3 |  4- 6 |  7- 9 || total
-------------------------+-------+-------+-------++-------
Melee: Unarmed           |    12 |       |       ||    12
       Mace              |       |    24 |    23 ||    47
       Punch             |       |     1 |       ||     1
 Cast: Freeze            |    76 |    53 |    19 ||   148
       Ozocubu's Armour  |     3 |    20 |    13 ||    36
       Frozen Ramparts   |       |    12 |    12 ||    24
       Hailstorm         |       |     3 |    25 ||    28
  Use: Potion            |     1 |       |       ||     1
       Scroll            |       |       |     6 ||     6
Armor: Robe              |    17 |    24 |    20 ||    61
Dodge: Dodged            |    45 |    55 |    31 ||   131
